 Dungeon Crawl Stone Soup version 0.24.1 (webtiles) character file.

Game seed: 11482634930416513589, levelgen mode: deterministic

796 mortelune the Chopper (level 8, -2/62 HPs)
             Began as a Formicid Abyssal Knight on Mar 22, 2020.
             Was a Believer of Lugonu.
             Killed by divine providence
             ... invoked by an orc priest
              (12 damage)
             ... on level 6 of the Dungeon.
             The game lasted 00:13:53 (7359 turns).

mortelune the Chopper (Formicid Abyssal Knight)     Turns: 7359, Time: 00:13:53

Health: -2/62      AC: 10    Str: 18    XL:     8   Next: 13%
Magic:  11/11      EV:  7    Int: 18    God:    Lugonu [**....]
Gold:   366        SH:  0    Dex: 10    Spells: 7/7 levels left

rFire    . . .     SeeInvis +   A - +0 war axe
rCold    . . .     Gourm    .   (no shield)
rNeg     . . .     Faith    .   B - +0 chain mail
rPois    .         Spirit   .   (helmet unavailable)
rElec    .         Reflect  .   G - +0 cloak
rCorr    .         Harm     .   (no gloves)
MR       .....                  (no boots)
Stlth    ..........             (no amulet)
HPRegen  0.20/turn              f - ring of ice
MPRegen  0.12/turn              q - ring of fire

@: confused, brilliant
A: permanent stasis, dig shafts and tunnels, four strong arms, antennae 3
a: Dig, Shaft Self, Depart the Abyss, Bend Space, Renounce Religion


You were on level 6 of the Dungeon.
You worshipped Lugonu.
Lugonu was pleased with you.
You were not hungry.

You visited 1 branch of the dungeon, and saw 6 of its levels.
You visited the Abyss 1 time.

You collected 366 gold pieces.

Inventory:

Hand Weapons
 a - a +1 hand axe
 y - a +0 arbalest
 A - a +0 war axe (weapon)
Missiles
 l - a throwing net (quivered)
Armour
 b - a +1 leather armour
 B - a +0 chain mail (worn)
 C - a +0 scale mail
 D - a +0 ring mail
 G - a +0 cloak (worn)
Jewellery
 f - a ring of ice (left hand)
 q - a ring of fire (right hand)
 u - an uncursed amulet of the gourmand
Wands
 h - a wand of paralysis (1)
 r - a wand of enslavement (8)
 w - a wand of polymorph (8)
Scrolls
 d - a scroll of noise {unknown}
 g - a scroll of blinking {unknown}
 k - a scroll of random uselessness
 m - 2 scrolls of teleportation {unknown}
 n - 2 scrolls of amnesia
 p - 2 scrolls of fear {unknown}
 s - 2 scrolls of magic mapping
 t - a scroll of enchant armour
 v - a scroll of identify
 H - a scroll of remove curse {unknown}
Potions
 e - a potion of haste
 i - a potion of mutation
 j - 2 potions of agility
 o - a potion of flight
 x - 2 potions of magic
 E - a potion of ambrosia
 F - a potion of heal wounds {unknown}
Comestibles
 c - 13 rations


   Skills:
 + Level 5.2 Fighting
 * Level 5.6 Axes
 + Level 4.6 Armour
 - Level 1.1 Dodging
 + Level 5.0 Invocations


You had 7 spell levels left.
You didn't know any spells.
Your spell library was empty.

Dungeon Overview and Level Annotations

Branches:
Dungeon (6/15)
 Temple: D:4-7

Altars:
Makhleb
Ru
Vehumet
Xom


Innate Abilities, Weirdness & Mutations

You cannot be hasted, slowed, berserked, paralysed or teleported.
You can dig through walls and to a lower floor.
Your four strong arms can wield two-handed weapons with a shield.
You have a pair of large antennae on your head. (SInv)


Message History

You closely miss the orc priest.
The orc priest is almost dead.
You closely miss the orc wizard. The orc priest closely misses you.
The orc wizard casts a spell at you. The puff of flame hits you.
* * * LOW HITPOINT WARNING * * *
Okay, then.
Okay, then.
It was a potion of magic.
Magic courses through your body.
The orc shouts!
The orc wizard hits you but does no damage.
The orc priest barely misses you.
It was a potion of ambrosia.
You are confused.
You feel invigorated. The orc wizard barely misses you.
It was a potion of brilliance.
You feel clever all of a sudden.
The orc priest mumbles some strange prayers to Beogh against you.
Beogh smites you!
You die...

...# #####_ #..#######...#.♣
#............^≈ #
#...#........# #.# ..
#..........# #.# ..a
###........##♣. ##.# ....
#.........##.♣{##..### ....
#..........##.##......
####..###....@o....##.........
.............)o....##.........
#####.###....................<
# #......o...###....÷...
..#.#####.####......... {
##...# #.####........> ##..#
###..............
#............#........
...####......##...####


You could see an orc priest, an orc wizard (invisible) and an orc.

Vanquished Creatures
  A sky beast (D:6)
  A necrophage (D:5)
  A centaur (D:4)
  A crimson imp (D:5)
  A centaur zombie (D:5)
  A bullfrog zombie (D:6)
  A hound (D:4)
  2 orc wizards (D:5)
  3 orc priests
  A bullfrog skeleton (D:6)
  An iguana (D:4)
  A worker ant (D:6)
  Ijyb (D:4)
  A howler monkey skeleton (D:5)
  4 adders
  2 oozes
  2 adder zombies
  5 dart slugs
  A leopard gecko (D:1)
  12 orcs
  3 bats
  5 giant cockroaches
  6 goblins
  6 hobgoblins
  12 jackals
  4 quokkas
  4 frilled lizards
  A jackal skeleton (D:4)
  3 kobolds
  2 quokka skeletons (D:4)
  A quokka zombie (D:5)
  8 rats
98 creatures vanquished.

Vanquished Creatures (others)
  5 toadstools (D:1)
5 creatures vanquished.

Grand Total: 103 creatures vanquished

Notes
Turn   | Place    | Note
-------+----------+-------------------------------------------
     0 | Abyss:1  | mortelune the Formicid Abyssal Knight began the quest for
                  | the Orb.
     0 | Abyss:1  | Reached XP level 1. HP: 18/18 MP: 2/2
    56 | D:1      | Escaped the Abyss
    77 | D:1      | Reached skill level 1 in Dodging
    83 | D:1      | Reached XP level 2. HP: 5/24 MP: 3/3
   581 | D:1      | Reached * piety under Lugonu
   703 | D:1      | Reached XP level 3. HP: 16/29 MP: 4/4
  1637 | D:2      | Found a radiant altar of Vehumet.
  1830 | D:2      | Reached XP level 4. HP: 34/37 MP: 6/6
  2177 | D:3      | Found a sacrificial altar of Ru.
  3083 | D:4      | Reached XP level 5. HP: 10/42 MP: 7/7
  3648 | D:4      | Noticed Ijyb
  3659 | D:4      | Killed Ijyb
  3737 | D:4      | Reached ** piety under Lugonu
  3991 | D:4      | Found a burning altar of Makhleb.
  4080 | D:5      | Entered Level 5 of the Dungeon
  4191 | D:5      | Noticed a centaur
  4477 | D:4      | Reached XP level 6. HP: 34/48 MP: 8/8
  4917 | D:5      | Reached XP level 7. HP: 31/55 MP: 10/10
  6140 | D:5      | Reached skill level 5 in Axes
  6325 | D:5      | Reached skill level 5 in Fighting
  6765 | D:6      | Reached XP level 8. HP: 9/62 MP: 11/11
  7123 | D:6      | Reached skill level 5 in Invocations
  7343 | D:6      | Found a shimmering altar of Xom.
  7346 | D:6      | Identified the +2 falchion "Neniuj" {elec, *Corrode MR+
                  | Dex+4}
  7356 | D:6      | HP: 1/62 [orc wizard/puff of flame (6)]
  7359 | D:6      | Killed from afar by an orc priest

Levels and vault maps discovered:
D:1:      ldierk_walled_garden, layout_basic
D:2:      layout_basic, overflow_temple_1_default
D:3:      layout_loops_ring, hangedman_ru_absence, first_ration
D:4:      layout_layer_cave, kennysheep_little_box,
          chequers_serial_rivers_micro_b, uniq_ijyb
D:5:      layout_rooms, guppyfry_early_orc_mine
D:6:      layout_rooms, xom_redecorated, nicolae_overflow_crystal_walls,
          lemuel_doored_altar

Skill      XL: |  1  2  3  4  5  6  7  8 |
---------------+-------------------------+-----
Dodging        | 1 |  1.1
Invocations    | 3 4 5 |  5.0
Axes           | 3 4 5 |  5.6
Armour         | 3 4 |  4.6
Fighting       | 4 5 |  5.2

Action                   |  1- 3 |  4- 6 |  7- 9 || total
-------------------------+-------+-------+-------++-------
Melee: Hand axe          |    85 |   197 |    60 ||   342
       War axe           |       |       |   110 ||   110
Invok: Depart the Abyss  |     1 |       |       ||     1
       Bend Space        |       |       |     4 ||     4
Evoke: Wand              |       |       |     3 ||     3
  Use: Potion            |     2 |     1 |     4 ||     7
       Scroll            |       |     8 |       ||     8
  Eat: Chunk             |     3 |     8 |     6 ||    17
       Ration            |       |       |     1 ||     1
Armor: Leather armour    |    20 |    53 |    16 ||    89
       Chain mail        |       |       |    76 ||    76
Dodge: Dodged            |    33 |   153 |    78 ||   264
